 Dungeon Sprint DCSS version 0.20-a0-640-g62ed22f (webtiles) character file.

2629 esc the Fighter (level 9, -11/65 HPs)
             Began as a Gargoyle Berserker on Feb 12, 2017.
             Was an Elder of Trog.
             Killed from afar by a crystal guardian (33 damage)
             ... with a crystal bolt
             ... in the Dungeon (Sprint II: "The Violet Keep of Menkaure").
             The game lasted 00:06:22 (935 turns).

esc the Fighter (Gargoyle Berserker)                 Turns: 935, Time: 00:06:24

Health: -11/65     AC: 10    Str: 21    XL:     9   Next: 61%
Magic:  9/9        EV: 16    Int: 13    God:    Trog [****..]
Gold:   620        SH:  0    Dex:  9    Spells: 8/8 levels left

rFire    + . .     SeeInvis +   k - +2 morningstar (flame)
rCold    . . .     Gourm    .   b - +0 animal skin
rNeg     + . .     Faith    .   (no shield)
rPois    ∞         Spirit   .   (no helmet)
rElec    +         Reflect  .   (no cloak)
rCorr    .         Harm     .   j - +0 pair of gloves of the Devil's Team {rElec rF+ Int+4 SInv}
MR       .....     NoTele   +   (no boots)
Stlth    +.........             (no amulet)
Regen    0.2/turn               (no ring)
MPRegen  0.2/turn               (no ring)

@: exhausted, slowed, very slow
A: negative energy resistance 1, electricity resistance, weak 1, unbreathing,
petrification resistance, rot immunity, MP-powered wands, AC +5
a: Berserk, Trog's Hand, Brothers in Arms, Burn Spellbooks, Renounce Religion


You were in the Dungeon.
You worshipped Trog.
Trog was greatly pleased with you.
You were not hungry.

You visited 1 branch You collected 810 gold pieces.
You spent 190 gold pieces at shops.

Inventory:

Hand Weapons
 a - a +0 mace
 k - a +2 morningstar of flaming (weapon)
   (Trog gifted it to you in the Dungeon)
Missiles
 l - 2 javelins of penetration (quivered)
Armour
 b - a +0 animal skin (worn)
 j - the +0 pair of gloves of the Devil's Team (worn) {rElec rF+ Int+4 SInv}
   (You bought it in a shop in the Dungeon)

   It affects your intelligence (+4).
   It protects you from fire.
   It insulates you from electricity.
   It lets you see invisible.
Scrolls
 i - a scroll of blinking {!r}
Potions
 d - a potion of curing
 e - a potion of heal wounds
 g - 2 potions of magic
 h - a potion of berserk rage {!q}


   Skills:
 + Level 12.2 Fighting
 + Level 11.2 Maces & Flails
 + Level 11.9 Armour
 + Level 9.4 Dodging


You had 8 spell levels left.
You didn't know any spells.

Dungeon Overview and Level Annotations

Branches:
Dungeon (1/1)

Altars:
Cheibriados
Dithmenos
Elyvilon
Fedhas
Gozag
Hepliaklqana
Kikubaaqudgha
Makhleb
Nemelex Xobeh
Okawaru
Qazlal
Ru
Sif Muna
Trog
Uskayaw
Vehumet
Xom
Yredelemnul
Zin
The Shining One
Beogh
Jiyva
Lugonu

Shops:
D [:*=%}[!!=?:%*(=

Annotations:
D exclusion: oklob plant


Innate Abilities, Weirdness & Mutations

You are resistant to torment.
Your stone body is resilient. (AC +5)
You are immune to poison.
You resist negative energy. (rN+)
You are resistant to electric shocks. (rElec)
You can survive without breathing.
You are immune to petrification.
You are immune to rotting.
You are weak. (Str -2)
You expend magic power (3 MP) to strengthen your wands.


Message History

Moving in this stuff is going to be slow.
You open the door.
Tentacles burst out of the water!
A tentacle comes into view.
You puncture the crocodile! You burn the crocodile. The crocodile bites you!
You take 12 damage, and have 52/64 hp.
You puncture the crocodile! You burn the crocodile. The crocodile bites you.
You take 5 damage, and have 47/64 hp.
You puncture the crocodile! You burn the crocodile.
You kill the crocodile!
Trog accepts your kill.
You start resting.
All of the chunks of flesh in your inventory have rotted away.
You are feeling hungry.
You regained 3 hp, and now have 50/64 hp.
You eat the bread ration {@e1}.
That bread ration really hit the spot!
You start resting.
Health restored: 64 You enter the shallow water.
Moving in this stuff is going to be slow.
A swamp drake comes into view.
A death drake comes into view.
The death drake hisses angrily.
The swamp drake roars!
A swamp drake and a crystal guardian come into view.
You enter the shallow water.
Moving in this stuff is going to be slow.
Okay, then.
You barely miss the swamp drake. The swamp drake bites you.
You take 1 damage, and have 63/64 hp.
Your ogre goes berserk!
You feel quite a bit more hungry. Trog will no longer gift you weapons.
A red film seems to cover your vision as you go berserk!
You feel yourself moving faster!
You feel mighty!
You feel a lot more hungry. The death drake closely misses you.
You now have 94/96 hp.
You hit the death drake. You burn the death drake.
Your ogre barely misses the death drake.
The death drake barely misses you.
You barely miss the death drake.
Your ogre barely misses the swamp drake.
The death drake bites you but does no damage.
You closely miss the death drake.
The swamp drake breathes noxious fumes at you.
The noxious blast engulfs you!
Your ogre is engulfed in noxious fumes.
Your ogre appears confused.
Your ogre rages.
The death drake bites you but does no damage.
You hit the death drake but do no damage.
Your ogre is engulfed in a cloud of scalding steam.
You impale the death drake!! You burn the death drake!
The death drake barely misses you. The swamp drake closely misses you.
You puncture the death drake! You burn the death drake.
The death drake misses you. The swamp drake closely misses you.
Health restored: 96 You closely miss the death drake.
The death drake barely misses you. The swamp drake closely misses you.
You puncture the death drake! You burn the death drake.
The death drake bites you.
Your ogre is engulfed in a cloud of scalding steam.
You take 4 damage, and have 92/96 hp.
You bludgeon the death drake!! You burn the death drake.
You kill the death drake!
Trog accepts your kill.
Your Fighting skill increases to level 12!
Your Maces & Flails skill increases to level 11!
Your Dodging skill increases to level 9!
The swamp drake breathes noxious fumes at you.
The noxious blast engulfs you!
You hit the swamp drake. You burn the swamp drake.
The crystal guardian completely misses you.
The swamp drake bites you.
You take 3 damage, and have 90/97 hp.
You puncture the swamp drake! You burn the swamp drake.
Your ogre misses the swamp drake. You puncture the swamp drake!
You burn the swamp drake.
You kill the swamp drake!
Trog accepts your kill. The crystal guardian hits you!!
You take 18 damage, and have 72/97 hp.
You bludgeon the crystal guardian!!
Your ogre is engulfed in noxious fumes.
Your ogre appears confused.
The crystal guardian fires a crystalline bolt at you.
The crystal bolt freezes you!
You take 30 damage, and have 42/97 hp.
MASSIVE DAMAGE!!
You hit the crystal guardian but do no damage.
You puncture the crystal guardian! The crystal guardian hits you!
Your ogre is engulfed in a cloud of scalding steam.
You take 10 damage, and have 32/97 hp.
You bludgeon the crystal guardian!!
Your ogre rages.
You sock the crystal guardian!
You are no longer berserk.
You are exhausted.
You feel yourself slow down.
The crystal guardian fires a crystalline bolt at you.
The crystal bolt freezes you!
Ouch! That really hurt!
You die...

≈.##+##.. #. . ≈##.#.##.####
+.##k =▓)??%![(%▓ ≈#..#..# ...#
...####▓!))(![?!▓ ###...####..##
#..##.#▓!!$)"=)?▓ .###'###.##..#
+.k#..#▓$%)(["[)▓ ).##.###..#..#
#..#..#▓(?[[$$(!▓
#.'.<.'.##'..####..##.#▓)($!(%!?▓
..##.###..#....###.^.##▓▓▓▓▓▓▓+▓▓
.###+###.##.....@8≈≈≈≈≈≈≈≈≈≈§≈..w
## ##.####≈≈.....†#)########§###.
≈ ##.#≈≈§≈≈≈≈.O≈#....._..#§≈§#
≈##§$§##≈§≈§≈§≈≈§≈#...._._.#§§≈≈#
≈≈##'##≈≈§≈§§§≈≈≈§#..._._._#§§§≈≈
≈§≈≈ ≈≈≈≈≈§§≈§≈§≈#.._._._.#≈≈≈§§
'§' ''#≈§≈§≈≈§≈≈#._._._._#≈§§§§
#≈≈≈ ##≈§§###≈≈#_._._._.#≈§≈§≈
≈§§ #§§#._._._..#§≈


You could see a crystal guardian and a friendly ogre (berserk).

Vanquished Creatures
  A death drake (D)
  A merfolk siren (D)
  A yaktaur (D)
  A polar bear (D)
  Menkaure (D)
  3 neqoxecs (D)
  A swamp drake (D)
  4 necrophages (D)
  A crocodile (D)
  4 worker ants (D)
18 creatures vanquished.

Vanquished Creatures (collateral kills)
  A hornet (D)
  2 polar bears (D)
3 creatures vanquished.

Vanquished Creatures (others)
  A neqoxec (D)
  A crocodile (D)
  8 tentacles (D)
10 creatures vanquished.

Grand Total: 31 creatures vanquished

Notes
Turn   | Place    | Note
-------+----------+-------------------------------------------
     0 | D        | esc the Gargoyle Berserker began the quest for the Orb.
     0 | D        | Reached XP level 1. HP: 14/14 MP: 1/1
     1 | D        | Noticed a necrophage
     1 | D        | Noticed a necrophage
     1 | D        | Noticed a necrophage
     1 | D        | Noticed a necrophage
    11 | D        | Killed a necrophage
    11 | D        | Reached skill level 5 in Fighting
    11 | D        | Reached skill level 5 in Maces & Flails
    11 | D        | Reached skill level 5 in Armour
    11 | D        | Reached skill level 3 in Dodging
    11 | D        | Reached XP level 2. HP: 16/22 MP: 2/2
    11 | D        | Reached XP level 3. HP: 20/27 MP: 3/3
    11 | D        | Reached XP level 4. HP: 24/32 MP: 4/4
    17 | D        | Killed a necrophage
    17 | D        | Reached skill level 6 in Fighting
    17 | D        | Reached skill level 6 in Maces & Flails
    17 | D        | Reached skill level 6 in Armour
    17 | D        | Reached skill level 4 in Dodging
    17 | D        | Reached XP level 5. HP: 28/37 MP: 5/5
    25 | D        | Killed a necrophage
    25 | D        | Reached ** piety under Trog
    25 | D        | Reached skill level 7 in Fighting
    25 | D        | Reached skill level 7 in Armour
    25 | D        | Reached skill level 5 in Dodging
    25 | D        | Reached XP level 6. HP: 30/44 MP: 6/6
    37 | D        | Killed a necrophage
    37 | D        | Reached skill level 8 in Fighting
    37 | D        | Reached skill level 7 in Maces & Flails
   235 | D        | Noticed a merfolk siren
   254 | D        | Killed a merfolk siren
   254 | D        | Reached *** piety under Trog
   254 | D        | Reached skill level 9 in Fighting
   254 | D        | Reached skill level 8 in Maces & Flails
   254 | D        | Reached skill level 9 in Armour
   254 | D        | Reached skill level 6 in Dodging
   254 | D        | Reached XP level 7. HP: 48/51 MP: 7/7
   272 | D        | Noticed a neqoxec
   276 | D        | Noticed a neqoxec
   278 | D        | Gained mutation: You expend magic power (3 MP) to strengthen your wands. [a neqoxec]
   283 | D        | Killed a neqoxec
   283 | D        | Reached skill level 9 in Maces & Flails
   283 | D        | Reached skill level 7 in Dodging
   289 | D        | Killed a neqoxec
   289 | D        | Reached skill level 10 in Fighting
   289 | D        | Reached XP level 8. HP: 46/57 MP: 8/8
   307 | D        | Gained mutation: You are weak. (Str -2) [a neqoxec]
   452 | D        | Reached **** piety under Trog
   452 | D        | Reached skill level 10 in Armour
   499 | D        | Found Osyss's General Store.
   499 | D        | Found Hyujeug's Jewellery Emporium.
   499 | D        | Found Xuppadgh's Food Shoppe.
   499 | D        | Found Wudeuheub's Antique Weapon Shoppe.
   499 | D        | Found Lepuz's Book Emporium.
   500 | D        | Found Miclef's Jewellery Shoppe.
   500 | D        | Found Wuabben's Distillery.
   500 | D        | Found Xofahia's Distillery.
   501 | D        | Found Imyaruv's Antique Armour Emporium.
   501 | D        | Found Kixkoudue's Gadget Shoppe.
   501 | D        | Found Goagosut's Food Shoppe.
   502 | D        | Found Ydycvuymn's Magic Scroll Emporium.
   503 | D        | Found Neeruxt's Jewellery Shoppe.
   503 | D        | Found Wayhuw's Assorted Antiques.
   503 | D        | Noticed Menkaure
   503 | D        | Noticed an oklob plant
   504 | D        | Found Biatythra's Antique Armour Shoppe.
   504 | D        | Found Baappoaxt's Book Shoppe.
   514 | D        | Killed Menkaure
   514 | D        | Reached ***** piety under Trog
   547 | D        | Noticed a polar bear
   548 | D        | Noticed a slime creature
   548 | D        | Noticed a polar bear
   549 | D        | Noticed a slime creature
   551 | D        | Noticed a slime creature
   564 | D        | Bought a pair of blackened gloves for 190 gold pieces
   569 | D        | Identified the +0 pair of gloves of the Devil's Team {rElec rF+ Int+4 SInv} (You bought it in a shop in the Dungeon)
   569 | D        | Noticed an unseen horror
   569 | D        | Noticed an unseen horror
   610 | D        | Found a blossoming altar of Fedhas.
   611 | D        | Found a white marble altar of Elyvilon.
   612 | D        | Found a shadowy altar of Dithmenos.
   612 | D        | Found a corrupted altar of Lugonu.
   612 | D        | Found an opulent altar of Gozag.
   612 | D        | Found a burning altar of Makhleb.
   613 | D        | Found a snail-covered altar of Cheibriados.
   613 | D        | Found an ancient bone altar of Kikubaaqudgha.
   613 | D        | Found a bloodstained altar of Trog.
   614 | D        | Found a roughly hewn altar of Beogh.
   614 | D        | Found a viscous altar of Jiyva.
   614 | D        | Found a deep blue altar of Sif Muna.
   615 | D        | Found a hazy altar of Hepliaklqana.
   615 | D        | Found a sacrificial altar of Ru.
   616 | D        | Found a basalt altar of Yredelemnul.
   617 | D        | Found a stormy altar of Qazlal.
   617 | D        | Found a shimmering altar of Xom.
   617 | D        | Found a sparkling altar of Nemelex Xobeh.
   617 | D        | Found a hide-covered altar of Uskayaw.
   617 | D        | Found a glowing silver altar of Zin.
   617 | D        | Noticed a hornet
   617 | D        | Noticed a polar bear
   618 | D        | Noticed a polar bear
   618 | D        | Noticed a polar bear
   618 | D        | Found a radiant altar of Vehumet.
   618 | D        | Found an iron altar of Okawaru.
   618 | D        | Found a glowing golden altar of the Shining One.
   618 | D        | Noticed a yaktaur
   628 | D        | Killed a polar bear
   628 | D        | Reached skill level 8 in Dodging
   631 | D        | Killed a polar bear
   631 | D        | Received a gift from Trog
   631 | D        | Reached skill level 11 in Fighting
   631 | D        | Reached skill level 10 in Maces & Flails
   634 | D        | Killed a hornet
   634 | D        | Reached XP level 9. HP: 64/64 MP: 9/9
   637 | D        | Killed a polar bear
   637 | D        | Reached skill level 11 in Armour
   640 | D        | Killed a yaktaur
   640 | D        | Received a gift from Trog
   698 | D        | Noticed a kraken
   909 | D        | Noticed a death drake
   910 | D        | Noticed a crystal guardian
   927 | D        | Killed a death drake
   927 | D        | Reached skill level 12 in Fighting
   927 | D        | Reached skill level 11 in Maces & Flails
   927 | D        | Reached skill level 9 in Dodging
   935 | D        | Killed from afar by a crystal guardian

Vault maps used:
D:        the_violet_keep_of_menkaure

Skill      XL: |  1  2  3  4  5  6  7  8  9 |
---------------+----------------------------+-----
Fighting       | 5 6 7 9 10 11 12 | 12.2
Maces & Flails | 5 6 8 9 10 11 | 11.2
Armour         | 5 6 7 9 10 11 | 11.9
Dodging        | 3 4 5 6 7 8 9 |  9.4

Action                   |  1- 3 |  4- 6 |  7- 9 || total
-------------------------+-------+-------+-------++-------
Melee: Mace              |     9 |    42 |    59 ||   110
       Morningstar       |       |       |    21 ||    21
Invok: Berserk           |     1 |       |     5 ||     6
       Brothers in Arms  |       |       |     2 ||     2
  Use: Potion            |       |       |     1 ||     1
  Eat: Chunk             |       |       |     4 ||     4
       Bread ration      |       |       |     1 ||     1
Armor: Animal skin       |       |     6 |    18 ||    24
Dodge: Dodged            |       |    18 |    40 ||    58

Vault maps used:
D:        the_violet_keep_of_menkaure

Table legend:
 A = Turns spent in this place as a percentage of turns spent in the entire game.
 B = Non-inter-level travel turns spent in this place as a percentage of non-inter-level travel turns spent in the entire game.
 C = Inter-level travel turns spent in this place as a percentage of turns spent in this place.
 D = Turns resting spent in this place as a percentage of non-inter-level travel turns spent in this place.
 E = Turns spent auto-exploring this place as a percentage of non-inter-level travel turns spent in this place.
 F = Non-inter-level travel turns spent in this place divided by the number of levels of this place that you've seen.
                   A       B       C       D       E      F
               +-------+-------+-------+-------+-------+----------------------
         Total | 100.0 | 100.0 |   0.0 |   6.4 |   0.0 | 422.0
       Dungeon | 100.0 | 100.0 |   0.0 |   6.4 |   0.0 | 422.0
               +-------+-------+-------+-------+-------+----------------------

Table legend:
 A = Kills in this place as a percentage of kills in entire the game.
 B = Kills by you in this place as a percentage of kills by you in the entire game.
 C = Kills by friends in this place as a percentage of kills by friends in the entire game.
 D = Other kills in this place as a percentage of other kills in the entire game.
 E = Experience gained in this place as a percentage of experience gained in the entire game.
 F = Experience gained in this place divided by the number of levels of this place that you have seen.
                   A       B       C       D       E      F
               +-------+-------+-------+-------+-------+----------------------
         Total | 100.0 | 100.0 | 100.0 |  -nan | 100.0 | 3756.0
       Dungeon | 100.0 | 100.0 | 100.0 |  -nan | 100.0 | 3756.0
               +-------+-------+-------+-------+-------+----------------------
